Unix NetHack Version 5.0.0-0 post-release - last build Jun 10 2026 00:39:30 (3ee93aec679c4c4259841fe613dc97188e26a321,branch:main).

Game began 2026-07-05 17:01:46, ended 2026-07-05 18:24:27.

HomunculusP, chaotic female orcish Ranger

                  ------------                                       ------ -
                  |..........|                                      |.......|
     ---------    |..........|                                     '@.......|
     |........## #...........|###############  #+                   |......$|
     |.......|####|.<........-######    +   ####                     --- ----
     |.......|##  -------+----#             ####.....
     |........######                             -----
     |.......|#
     ---------

                       ##
                       #
                       #
                       #
                      -.--+-----
                      |.......(-
                      |...>....|
                      ----------

HomunculusP the Lookout      St:18 Dx:10 Co:15 In:13 Wi:14 Ch:8  Chaotic
Dlvl:5  $:63 HP:0(34) Pw:11(11) AC:7  Xp:4 T:3166 

Latest messages:
 In what direction? 6
 The orcish arrow hits the rothe!
 Sirius bites the rothe.
 In what direction? 6
 You shoot 2 orcish arrows.
 The 1st orcish arrow misses the rothe.
 The 2nd orcish arrow hits the rothe!
 You kill the rothe!
 Sirius eats a rothe corpse.
 You swap places with Sirius.
 You see here 2 +2 orcish arrows.
 c - 2 +2 orcish arrows (in quiver) (43 in total).
 You see here a +2 orcish arrow.
 c - a +2 orcish arrow (in quiver) (44 in total).
 You swap places with Sirius.
 A lit field surrounds you!
 You see here 7 gold pieces.
 In what direction? <esc>
 $ - 7 gold pieces (63 in total).
 You see here 9 arrows.
 You see here 9 arrows.
 O - 9 arrows.
 You hit the floating eye.
 You are frozen by the floating eye's gaze!
 You materialize in a different location!
 You hear some noises in the distance.
 You materialize in a different location!
 You hear some noises in the distance.
 The paper golem hits!
 The paper golem hits!
 The paper golem hits!
 The paper golem hits!
 The paper golem hits!
 The paper golem hits!
 The paper golem hits!
 The paper golem hits!
 The paper golem hits!
 The paper golem hits!
 The paper golem hits!
 The paper golem hits!
 The paper golem hits!
 The paper golem hits!
 The paper golem hits!
 The paper golem hits!
 You die...
 Do you want your possessions identified? [ynq] (y) y
 Do you want to see your attributes? [ynq] (y) y
 Do you want an account of creatures vanquished? [ynaq] (y) y
 Do you want to see your conduct and achievements? [ynq] (y) y
 Do you want to see the dungeon overview? [ynq] (y) y

Inventory:
 Coins    ('$')
  $ - 63 gold pieces
 Weapons  (')')
  O - 9 +2 arrows
  c - 44 +2 orcish arrows (in quiver)
  d - 33 +0 orcish arrows
  b - a +1 orcish bow (weapon in right hand)
  a - a +1 orcish dagger (alternate weapon; not wielded)
  x - a blessed +0 mace
 Armor    ('[')
  F - a cursed +0 pair of jumping boots
  e - an uncursed +2 cloak of displacement (being worn)
  w - an uncursed +0 ring mail
  D - a cursed +0 scale mail
 Comestibles  ('%')
  t - 2 uncursed food rations
  M - an uncursed partly eaten food ration
 Scrolls  ('?')
  N - an uncursed scroll of enchant weapon
 Spellbooks  ('+')
  H - an uncursed spellbook of light
 Potions  ('!')
  G - a blessed potion of gain ability
 Wands    ('/')
  K - a wand of cold (0:4)
  l - a wand of teleportation (0:6)
 Tools    ('(')
  p - an uncursed tin whistle

HomunculusP the Ranger's attributes:

Background:
 You were a Lookout, a level 4 female orcish Ranger.
 You were chaotic, nominally on a mission for Mars
 who was opposed by Mercury (lawful) and Venus (neutral).
 You were right-handed.
 You were in the Dungeons of Doom, on level 5.
 You entered the dungeon 3166 turns ago.
 You had 94 experience points, 66 more were needed to attain level 5.

Basics:
 You had 0 out of 34 hit points.
 You had all 11 energy points (spell power).
 Your armor class was 7.
 Your wallet contained 63 zorkmids.
 Autopickup was off.

Final Characteristics:
 Your strength was 18 (limit:18/50).
 Your dexterity was 10 (limit:18).
 Your constitution was 15 (limit:18).
 Your intelligence was 13 (limit:16).
 Your wisdom was 14 (limit:16).
 Your charisma was 8 (limit:16).

Final Status:
 You weren't hungry.
 You were unencumbered.
 You were wielding a bow.
 You had basic skill with bow.

Final Attributes:
 You were piously aligned.
 You were poison resistant.
 You had automatic searching.
 You had infravision.
 You were displaced.
 You could teleport.
 You were warded.
 You are dead.

Miscellaneous:
 You didn't encounter any bones levels.
 Total elapsed playing time was 1 hour, 22 minutes and 33 seconds.

Major events:
 Turn
    1: HomunculusP the chaotic female orcish Ranger entered the dungeon
 1262: attained the rank of Lookout (level 3)
 3166: killed by a paper golem, while frozen by a floating eye's gaze

Spells:
 Name                 Level Category     Fail Retention
 light                  1   divination    43%  76%-100%

Skills:
 Fighting Skills
   bare handed combat [Unskilled]
   riding             [Unskilled]
 Weapon Skills
   dagger             [Basic]
   knife              [Unskilled]
   axe                [Unskilled]
   pick-axe           [Unskilled]
   short sword        [Unskilled]
   morning star       [Unskilled]
   flail              [Unskilled]
   hammer             [Unskilled]
   quarterstaff       [Unskilled]
   polearms           [Unskilled]
   spear              [Unskilled]
   trident            [Unskilled]
   bow                [Basic]
   sling              [Unskilled]
   crossbow           [Unskilled]
   dart               [Unskilled]
   shuriken           [Unskilled]
   boomerang          [Unskilled]
   whip               [Unskilled]
 Spellcasting Skills
   healing spells     [Unskilled]
   divination spells  [Unskilled]
   escape spells      [Unskilled]

Voluntary challenges:
 Character rerolling was not enabled.
 You were an atheist.
 You never genocided any monsters.
 You never polymorphed an object.
 You never changed form.
 You used no wishes.
Achievement:
 You attained the rank of Lookout.

 The Dungeons of Doom: levels 1 to 5
    Level 1:
    Level 2:
       Some fountains.
    Level 3:
    Level 4:
    Level 5: <- You were here.
       Final resting place for
          you, killed by a paper golem, while frozen by a floating eye's gaze.


Vanquished creatures:
  2 water nymphs
  a rock piercer
  3 floating eyes
  a kitten
  a rothe
 an iguana
  4 acid blobs
  a coyote
  2 large kobolds
  a cave spider
  a red mold
  2 garter snakes
  a gnome zombie
  4 geckos
  4 jackals
  a fox
  a kobold
  a goblin
  2 grid bugs
  6 lichens
  3 kobold zombies
  4 newts
47 creatures vanquished.

No species were genocided or became extinct.

Game over:
                       ----------
                      /          \
                     /    REST    \
                    /      IN      \
                   /     PEACE      \
                  /                  \
                  |   HomunculusP    |
                  |      63 Au       |
                  |   killed by a    |
                  |   paper golem    |
                  |                  |
                  |                  |
                  |       2026       |
                 *|     *  *  *      | *
        _________)/\\_//(\/(/\)/\//\/|_)_______

Goodbye HomunculusP the Ranger...

You died in The Dungeons of Doom on dungeon level 5 with 673 points,
and 63 pieces of gold, after 3166 moves.
You were level 4 with a maximum of 34 hit points when you died.

